 Dungeon Crawl Stone Soup version 0.17.0-28-g6e173f8 (webtiles) character file.

41290 PossumBlood the Peltast (level 13, -2/114 HPs)
             Began as a Minotaur Fighter on Nov 24, 2015.
             Was a High Priest of Okawaru.
             Killed from afar by a deep elf conjurer (20 damage)
             ... with a bolt of fire
             ... on level 1 of the Elven Halls.
             The game lasted 01:50:59 (16075 turns).

PossumBlood the Peltast (Minotaur Fighter)         Turns: 16075, Time: 01:50:59

Health: -2/114     AC:  9    Str: 24      XL:     13   Next: 79%
Magic:  23/23      EV: 12    Int:  4 (5)  God:    Okawaru [*****.]
Gold:   89         SH: 20    Dex: 12      Spells: 0 memorised, 13 levels left

rFire  . . .     SeeInvis +     A - +1 scimitar of Donof {vamp, rPois rN+}
rCold  . . .     Clarity  .     v - +0 robe "Besaherumm" {+Inv MP+9 Slay+2 SInv}
rNeg   + . .     SustAt   .     U - +0 large shield {reflect}
rPois  +         Gourm    .     (helmet restricted)
rElec  .         Spirit   .     S - +0 cloak
rCorr  .         Warding  .     a - +1 pair of gloves
rMut   .         Stasis   .     Z - +1 pair of boots
MR     .....                    p - amulet of regeneration
Stlth  ++........               T - ring of flight
                                O - +1 ring of protection

@: drained, not resistant to hostile enchantments, unstealthy
A: retaliatory headbutt, horns 2, deformed body, slow regeneration 1
a: Heroism, Finesse, Renounce Religion, Evoke Invisibility, Evoke Flight


You were on level 1 of the Elven Halls.
You worshipped Okawaru.
Okawaru was extremely pleased with you.
You were not hungry.

You visited 3 branches of the dungeon, and saw 17 of its levels.

You collected 1837 gold pieces.
You spent 1748 gold pieces at shops.

Inventory:

Hand Weapons
 d - a +1 longbow of flaming
 i - a +2 flail of holy wrath
 j - a +3 scimitar of flaming
 r - a +0 dagger of electrocution
 A - the +1 scimitar of Donof (weapon) {vamp, rPois rN+}
   (Okawaru gifted it to you on level 3 of the Orcish Mines)

   It inflicts no extra harm, but heals its wielder somewhat when it strikes a
   living foe.
   It protects you from poison.
   It protects you from negative energy.
 P - a +5 scimitar of holy wrath
Missiles
 t - 36 poisoned needles
 I - 135 arrows
 V - 14 arrows of flame
Armour
 a - a +1 pair of gloves (worn)
 c - a +0 leather armour of cold resistance
 n - a +1 plate armour
 v - the +0 robe "Besaherumm" (worn) {+Inv MP+9 Slay+2 SInv}
   (Okawaru gifted it to you on level 4 of the Orcish Mines)

   It affects your accuracy and damage with ranged weapons and melee attacks
   (+2).
   It affects your magic capacity (+9).
   It lets you see invisible.
   It lets you turn invisible.
 D - a +1 chain mail of poison resistance
 R - a +4 chain mail
 S - a +0 cloak (worn)
 U - a +0 large shield of reflection (worn)
 X - a +1 ring mail of poison resistance
 Y - a +2 leather armour of fire resistance
 Z - a +1 pair of boots (worn)
Magical Staves
 b - an uncursed staff of conjuration {unknown}
 L - an uncursed staff of cold
Jewellery
 p - an amulet of regeneration (around neck)
 O - a +1 ring of protection (left hand)
 T - a ring of flight (right hand)
Wands
 C - a wand of magic darts (16)
Scrolls
 g - 5 scrolls of immolation
 l - 3 scrolls of teleportation
 m - a scroll of recharging
Potions
 f - 4 potions of haste
 h - a potion of cure mutation
 k - 2 potions of cancellation {unknown}
 o - 5 potions of curing
 x - a potion of lignification {unknown}
 B - 2 potions of invisibility {unknown}
 H - a potion of agility
 M - a potion of degeneration {unknown}
 N - a potion of flight
Books
 J - a book of the Warp

   Spells                             Type                      Level
   a - Recall                         Summoning/Translocation      3
   b - Gell's Gravitas                Hexes/Translocation          3
   c - Force Lance                    Conjuration/Translocation    4
   d - Phase Shift                    Translocation                5
   e - Warp Weapon                    Charms/Translocation         5
   f - Summon Forest                  Summoning/Translocation      5
Miscellaneous
 s - a phial of floods
 u - a sack of spiders
Comestibles
 e - 5 bread rations
 w - 6 fruits
 F - 3 beef jerkies


   Skills:
 + Level 10.5(10.1) Fighting
 + Level 9.4(10.0) Short Blades
 + Level 7.6(9.6) Long Blades
 + Level 2.1 Maces & Flails
 + Level 1.9(2.0) Staves
 + Level 1.6(1.3) Bows
 + Level 1.5(1.1) Throwing
 + Level 12.9(12.5) Armour
 + Level 5.4(5.1) Dodging
 + Level 2.3(2.0) Stealth
 + Level 15.0(14.6) Shields
 + Level 1.8(1.5) Unarmed Combat
 + Level 0.9(0.6) Spellcasting
 + Level 3.4(3.1) Invocations
 * Level 2.7(2.4) Evocations


You had 13 spell levels left.
You didn't know any spells.

Dungeon Overview and Level Annotations

Branches:
Dungeon (12/15)            Temple (0/1) D:4            Lair (0/8) D:8
    Orc (4/4) D:12            Elf (1/3) Orc:3

Altars:
Ashenzari
Fedhas
Gozag
Makhleb
Nemelex Xobeh
Okawaru
The Shining One
Beogh

Shops:
D:8 [   Orc:1 *   Orc:3 }:!   Orc:4 *%([:

Annotations:
D:7 exclusion: ice statue


Innate Abilities, Weirdness & Mutations

You reflexively headbutt those who attack you in melee.
You have a pair of horns on your head.
Armour fits poorly on your strangely shaped body.
You regenerate slowly when monsters are visible.


Message History

Your headbutt misses the deep elf conjurer.
The deep elf conjurer is lightly wounded.
The deep elf conjurer gestures at you while chanting.
The bolt of lightning hits you! x2
You closely miss the deep elf conjurer. You headbutt the deep elf conjurer!
The deep elf conjurer is moderately wounded.
The deep elf conjurer casts a spell at you.
The bolt of fire hits you!
* * * LOW HITPOINT WARNING * * *
You miss the deep elf conjurer.
The deep elf conjurer is moderately wounded.
The deep elf conjurer points at you and mumbles some strange words.
The bolt of negative energy hits you! You partially resist.
You feel drained.
* * * LOW HITPOINT WARNING * * *
You slash the deep elf conjurer!
You feel better.
Your headbutt misses the deep elf conjurer.
The deep elf conjurer is severely wounded.
The deep elf conjurer points at you and mumbles some strange words.
The bolt of fire hits you!
You die...

#.......# ##'...##
#[......# ##.##+##
####'#### ##.## #.#
##.## #.# ##...###
###+####.#....#
+#.....#+#...#.#+
##..)..............
#....@..#.####+####
#....e....#
+.......###
#.......# #.......#
##......# +#...#?+
###)..#


You could see a deep elf conjurer.

Vanquished Creatures
  Maud (D:10)
  Azrael (Orc:4)
  Snorg (D:11)
  An ettin (Orc:4)
  Erolcha (D:8)
  Fannar (D:10)
  Harold (D:10)
  A centaur warrior (D:10)
  Erica (D:10)
  An orc high priest (Orc:4)
  A deep elf summoner (Elf:1)
  Pikel (D:8)
  2 ugly things
  5 orc sorcerers
  A manticore (D:11)
  A kobold demonologist (D:11)
  A komodo dragon (D:10)
  5 trolls
  A two-headed ogre (D:10)
  6 yaks (D:11)
  Grum (D:9)
  A deep elf mage (D:11)
  A steam dragon (D:8)
  A hungry ghost (D:11)
  3 fire elementals (Orc:4)
  A hippogriff (D:10)
  The ghost of OmG the Shooter, an amateur HEAM (D:3)
  A deep elf fighter (Elf:1)
  2 porcupines (D:8)
  4 hell hounds (Orc:4)
  A slave (D:8)
  2 wolves (D:9)
  3 wargs
  An ice beast (D:10)
  3 sky beasts
  2 black bears
  A phantom (D:5)
  23 orc warriors
  3 wasps
  11 ogres
  3 centaurs
  6 giant frogs
  A wyvern zombie (D:11)
  4 big kobolds
  A wyvern skeleton (D:9)
  6 killer bees (D:11)
  4 scorpions
  3 crimson imps
  A giant frog zombie (D:10)
  39 orc priests
  A jelly (D:11)
  5 hounds
  50 orc wizards
  10 worker ants
  A giant frog skeleton (D:4)
  3 iguanas
  19 gnolls
  8 adders
  5 shadow imps
  3 oozes
  2 worms (D:4)
  6 giant geckos
  197 orcs
  6 hobgoblins
  11 jackals
  4 quokkas
  A ball python (D:1)
  7 bats
  6 giant cockroaches
  4 giant newts
  4 goblins
  4 goblin skeletons (D:8)
  2 goblin zombies (D:8)
  2 hobgoblin zombies (D:8)
  A jackal zombie (D:5)
  20 kobolds
  A kobold skeleton (D:8)
  2 orc skeletons (D:8)
  An orc zombie (D:8)
  2 quokka skeletons (D:4)
  4 rats
  A plant (D:8)
561 creatures vanquished.

Vanquished Creatures (collateral kills)
  2 kobolds (D:11)
2 creatures vanquished.

Vanquished Creatures (others)
  Nessos (Orc:3)
  A slave (D:8)
  A centaur (D:8)
  An orc priest (Orc:4)
  An orc wizard (Orc:4)
  A worker ant zombie (D:8)
  An adder (D:8)
  A giant gecko (D:8)
  4 orcs
12 creatures vanquished.

Grand Total: 575 creatures vanquished

Notes
Turn   | Place    | Note
--------------------------------------------------------------
     0 | D:1      | PossumBlood the Minotaur Fighter began the quest for the Orb.
     0 | D:1      | Reached XP level 1. HP: 19/19 MP: 0/0
    62 | D:1      | Reached skill level 4 in Shields
   381 | D:1      | Reached XP level 2. HP: 20/27 MP: 1/1
   671 | D:1      | Reached XP level 3. HP: 30/33 MP: 2/2
   764 | D:1      | Reached skill level 1 in Dodging
  1795 | D:3      | Reached XP level 4. HP: 40/40 MP: 3/3
  2385 | D:3      | Found an opulent altar of Gozag.
  2395 | D:3      | Found a burning altar of Makhleb.
  2404 | D:3      | Found a sparkling altar of Nemelex Xobeh.
  2418 | D:3      | Found an iron altar of Okawaru.
  2422 | D:3      | Became a worshipper of Warmaster Okawaru
  2573 | D:3      | Noticed OmG's ghost (amateur HEAM)
  2586 | D:3      | Killed OmG's ghost
  2586 | D:3      | Reached skill level 5 in Armour
  2586 | D:3      | Reached XP level 5. HP: 33/47 MP: 4/4
  2610 | D:3      | Found a blossoming altar of Fedhas.
  2742 | D:4      | Reached XP level 6. HP: 40/53 MP: 5/5
  3102 | D:4      | Found a staircase to the Ecumenical Temple.
  3107 | D:4      | Reached skill level 1 in Short Blades
  3157 | D:4      | Reached skill level 5 in Shields
  3750 | D:4      | Reached * piety under Okawaru
  3750 | D:4      | Reached skill level 6 in Armour
  3767 | D:4      | Reached XP level 7. HP: 26/60 MP: 6/6
  4046 | D:4      | Noticed an ogre
  4050 | D:4      | Killed an ogre
  4812 | D:5      | Entered Level 5 of the Dungeon
  4818 | D:5      | Reached skill level 5 in Fighting
  5013 | D:5      | Reached ** piety under Okawaru
  5013 | D:5      | Reached skill level 7 in Armour
  5119 | D:5      | Reached XP level 8. HP: 66/69 MP: 7/7
  5909 | D:6      | Found a burning altar of Makhleb.
  6111 | D:6      | Reached skill level 8 in Armour
  6838 | D:7      | Noticed an ice statue
  6905 | D:7      | Reached *** piety under Okawaru
  6972 | D:8      | Reached skill level 5 in Short Blades
  6988 | D:8      | Noticed Erolcha
  7001 | D:8      | Killed Erolcha
  7001 | D:8      | Reached **** piety under Okawaru
  7001 | D:8      | Reached skill level 9 in Shields
  7001 | D:8      | Reached skill level 1 in Invocations
  7001 | D:8      | Reached XP level 9. HP: 15/78 MP: 8/8
  7406 | D:8      | Found a staircase to the Lair.
  7450 | D:8      | Noticed Pikel
  7461 | D:8      | Killed Pikel
  7532 | D:8      | Reached ***** piety under Okawaru
  7652 | D:8      | Reached skill level 10 in Shields
  7673 | D:8      | Noticed a troll
  7678 | D:8      | Killed a troll
  7678 | D:8      | Reached skill level 1 in Stealth
  7692 | D:8      | Reached skill level 10 in Armour
  8023 | D:8      | Found Eggih's Armour Boutique.
  8239 | D:8      | Reached XP level 10. HP: 75/84 MP: 9/9
  8253 | D:8      | Bought a +0 pair of gloves for 49 gold pieces
  8253 | D:8      | Bought a +1 pair of boots for 126 gold pieces
  8296 | D:8      | Bought a +0 cloak for 49 gold pieces
  8351 | D:8      | Found a glowing golden altar of the Shining One.
  8886 | D:9      | Found a shattered altar of Ashenzari.
  8941 | D:9      | Noticed Grum
  8958 | D:9      | Killed Grum
  8958 | D:9      | Received a gift from Okawaru
  8962 | D:9      | Reached skill level 11 in Shields
  9586 | D:10     | Entered Level 10 of the Dungeon
  9634 | D:10     | Noticed Harold
  9649 | D:10     | Killed Harold
 10049 | D:10     | Noticed Fannar
 10071 | D:10     | Killed Fannar
 10071 | D:10     | Received a gift from Okawaru
 10071 | D:10     | Reached XP level 11. HP: 58/95 MP: 10/10
 10096 | D:10     | Noticed Erica
 10137 | D:10     | Killed Erica
 10273 | D:10     | Noticed Maud
 10310 | D:10     | Killed Maud
 10528 | D:10     | Noticed a centaur warrior
 10528 | D:10     | Reached skill level 12 in Shields
 10539 | D:10     | Killed a centaur warrior
 10996 | D:11     | Found a flagged portal.
 11121 | D:11     | Reached skill level 13 in Shields
 11338 | D:11     | Noticed Snorg
 11351 | D:11     | Killed Snorg
 12015 | D:12     | Reached XP level 12. HP: 98/104 MP: 12/12
 12062 | D:12     | Found a staircase to the Orcish Mines.
 12112 | D:12     | Found a roughly hewn altar of Beogh.
 12156 | Orc:1    | Entered Level 1 of the Orcish Mines
 12156 | Orc:1    | Found Eablosk's Eclectic Emporium.
 12281 | Orc:1    | Bought a scroll of enchant weapon for 90 gold pieces
 12281 | Orc:1    | Bought a scroll of enchant weapon for 90 gold pieces
 12308 | Orc:1    | Reached skill level 5 in Long Blades
 12373 | Orc:1    | You fall through a shaft!
 12549 | Orc:2    | Paralysed by an orc sorcerer for 4 turns
 12555 | Orc:2    | Reached skill level 14 in Shields
 13503 | Orc:3    | Found a roughly hewn altar of Beogh.
 13545 | Orc:3    | Noticed Nessos
 13555 | Orc:3    | Killed Nessos
 13985 | Orc:3    | Found Dilewkin's Gadget Shop.
 14058 | Orc:3    | Found Loisuso's Distillery.
 14058 | Orc:3    | Found Xeenis's Book Boutique.
 14065 | Orc:3    | Found a staircase to the Elven Halls.
 14075 | Orc:3    | Received a gift from Okawaru
 14079 | Orc:3    | Got a bloodstained scimitar {god gift}
 14089 | Orc:3    | Identified the +1 scimitar of Donof {vamp, rPois rN+} (Okawaru gifted it to you on level 3 of the Orcish Mines)
 14103 | Orc:3    | Bought a potion of experience for 850 gold pieces
 14103 | Orc:3    | Bought a potion of agility for 68 gold pieces
 14103 | Orc:3    | Bought a potion of flight for 51 gold pieces
 14103 | Orc:3    | Reached skill level 10 in Fighting
 14103 | Orc:3    | Reached skill level 1 in Staves
 14103 | Orc:3    | Reached skill level 1 in Bows
 14103 | Orc:3    | Reached skill level 1 in Throwing
 14103 | Orc:3    | Reached skill level 1 in Unarmed Combat
 14103 | Orc:3    | Reached skill level 1 in Evocations
 14103 | Orc:3    | Reached XP level 13. HP: 113/113 MP: 12/14
 14314 | Orc:4    | Entered Level 4 of the Orcish Mines
 14414 | Orc:4    | Found Culyive's Assorted Antiques.
 14426 | Orc:4    | Bought a scratched moonstone ring for 150 gold pieces
 14476 | Orc:4    | Found a labyrinth entrance.
 14538 | Orc:4    | Noticed Azrael
 14575 | Orc:4    | Killed Azrael
 14692 | Orc:4    | Reached skill level 5 in Dodging
 15099 | Orc:4    | Paralysed by an orc sorcerer for 4 turns
 15115 | Orc:4    | Paralysed by an orc sorcerer for 4 turns
 15119 | Orc:4    | Gained mutation: You regenerate slowly when monsters are visible. [a neqoxec]
 15121 | Orc:4    | Gained mutation: Armour fits poorly on your strangely shaped body. [a neqoxec]
 15237 | Orc:4    | Received a gift from Okawaru
 15239 | Orc:4    | Got an ominously black robe {god gift}
 15250 | Orc:4    | Identified the +0 robe "Besaherumm" {+Inv MP+9 Slay+2 SInv} (Okawaru gifted it to you on level 4 of the Orcish Mines)
 15258 | Orc:4    | Bought a scroll of enchant armour for 225 gold pieces
 15347 | Orc:4    | Found Dugyex's Food Emporium.
 15347 | Orc:4    | Found Ottuor Cael's Antique Weapon Emporium.
 15355 | Orc:4    | Found Raoph's Book Shoppe.
 15375 | Orc:4    | Reached skill level 15 in Shields
 15382 | Orc:4    | Found Xozib's Armour Shoppe.
 15882 | Elf:1    | Entered Level 1 of the Elven Halls
 16075 | Elf:1    | Killed from afar by a deep elf conjurer

Action                   |  1- 3 |  4- 6 |  7- 9 | 10-12 | 13-15 || total
-------------------------+-------+-------+-------+-------+-------++-------
Melee: Long sword        |    96 |       |       |       |       ||    96
       Rapier            |    14 |   116 |   280 |   436 |       ||   846
       Spear             |       |       |       |     4 |       ||     4
       Scimitar          |       |       |       |   503 |   379 ||   882
Invok: Heroism           |       |       |     1 |     9 |     4 ||    14
       Finesse           |       |       |       |     1 |     1 ||     2
  Use: Scroll            |     3 |     7 |     9 |    15 |     3 ||    37
       Potion            |       |     3 |     2 |     5 |     5 ||    15
  Eat: Meat ration       |     1 |       |     1 |     5 |       ||     7
       Beef jerky        |       |     2 |       |     1 |     3 ||     6
       Bread ration      |       |       |     2 |     1 |     1 ||     4
       Royal jelly       |       |       |     1 |       |       ||     1
       Pizza             |       |       |     1 |       |       ||     1
